 Dungeon Crawl Stone Soup version 0.22.1-2-g9c5b331383 (webtiles) character file.

113 Knicklaso the Magician (level 4, 0/32 HPs)
             Began as a Demonspawn Wizard on Nov 26, 2018.
             Was a Follower of Sif Muna.
             Slain by a river rat (2 damage)
             ... in a sewer.
             The game lasted 00:09:25 (2791 turns).

Knicklaso the Magician (Demonspawn Wizard)          Turns: 2791, Time: 00:09:25

Health: 0/32       AC:  7    Str:  8    XL:     4   Next: 65%
Magic:  1/9        EV: 12    Int: 20    God:    Sif Muna [*.....]
Gold:   124        SH:  0    Dex: 11    Spells: 3/9 levels left

rFire    . . .     SeeInvis .   i - +0 spear
rCold    . . .     Gourm    .   (no shield)
rNeg     . . .     Faith    .   a - +0 robe
rPois    .         Spirit   .   l - +0 helmet
rElec    .         Reflect  .   b - +1 cloak {MR+}
rCorr    .         Harm     .   (no gloves)
MR       +....                  (no boots)
Stlth    +.........             (no amulet)
HPRegen  0.10/turn              (no ring)
MPRegen  0.11/turn              (no ring)

@: very slow
A: molten scales 1
a: Divine Energy, Renounce Religion


You were in a sewer.
You worshipped Sif Muna.
Sif Muna was aware of your devotion.
You were hungry.

You visited 1 branch of the dungeon, and saw 3 of its levels.
You also visited: Sewer.

You collected 124 gold pieces.

Inventory:

Hand Weapons
 i - a +0 spear (weapon)
Armour
 a - a +0 robe (worn)
 b - a +1 cloak of magic resistance (worn)
 l - a +0 helmet (worn)
Scrolls
 e - 6 scrolls of identify
 p - a scroll of enchant weapon {unknown}
 q - a scroll of noise {unknown}
Potions
 c - a potion of flight
 f - 2 potions of brilliance
 h - a potion of haste
 n - a potion of berserk rage
Comestibles
 d - 3 rations
 g - 6 chunks of flesh


   Skills:
 + Level 1.3 Fighting
 + Level 2.4 Dodging
 - Level 1.7 Stealth
 + Level 3.4 Spellcasting
 * Level 2.0 Conjurations
 - Level 1.5 Summonings
   Level 0.8 Translocations
 * Level 1.2 Air Magic
 * Level 1.1 Poison Magic


You had 3 spell levels left.
You knew the following spells:

 Your Spells              Type           Power        Failure   Level  Hunger
a - Magic Dart            Conj           ##..         6%          1    None
b - Mephitic Cloud        Conj/Pois/Air  #.......     22%         3    ###....
c - Call Imp              Summ           #.......     11%         2    ##.....

Your spell library contained the following spells:

 Spells                   Type           Power        Failure   Level  Hunger
 Blink                    Tloc           N/A          14%         2    ##.....
 Slow                     Hex            #.......     21%         2    ##.....
 Conjure Flame            Conj/Fire      #.......     26%         3    ###....


Dungeon Overview and Level Annotations

Branches:
Dungeon (3/15)

Altars:
Ashenzari
Sif Muna


Innate Abilities, Weirdness & Mutations

You are partially covered in molten scales. (AC +2)


Message History

The river rat is severely wounded.
The river rat closely misses you.
You completely miss the river rat.
The river rat is severely wounded.
The river rat bites you but does no damage.
Casting: Magic Dart (safe; 6% risk of failure)
Confirm with . or Enter, or press ? or * to list all spells.
Aiming: Magic Dart (safe; 6% risk of failure)
Press: ? - help, Shift-Dir - straight line, f/p - river rat
Aim: a river rat (severely wounded)
The magic dart hits the river rat.
The river rat is severely wounded.
The river rat bites you.
* * * LOW HITPOINT WARNING * * *
You enter the shallow water.
Moving in this stuff is going to be slow.
The river rat closely misses you. The river rat barely misses you.
The river rat bites you.
You die...

#...## #...# #...##
##...##
#....################## #
#......≈≈≈≈≈≈≈≈≈≈≈≈≈≈≈#.#
##.....≈≈≈≈≈≈≈≈≈≈≈≈≈≈≈≈..
#....≈≈≈≈≈≈≈≈≈≈≈≈≈≈≈≈≈..
#.....≈@r≈≈≈≈≈≈≈≈≈≈≈≈...
##...≈≈≈≈≈r≈≈≈≈≈#≈≈≈≈≈..
###.#≈≈≈≈≈≈.†≈†≈≈≈≈≈...
####################.


You could see a river rat and a rat.

Vanquished Creatures
  Crazy Yiuf (D:2)
  An adder (D:2)
  2 river rats (Sewer)
  3 dart slugs (D:2)
  2 leopard geckos (D:2)
  A ball python (Sewer)
  7 giant cockroaches
  8 goblins
  4 hobgoblins
  4 jackals (D:2)
  4 kobolds (D:1)
  6 bats
  3 frilled lizards
  11 rats
  A fungus (D:2)
58 creatures vanquished.

Notes
Turn   | Place    | Note
-------+----------+-------------------------------------------
     0 | D:1      | Knicklaso the Demonspawn Wizard began the quest for the
                  | Orb.
     0 | D:1      | Reached XP level 1. HP: 13/13 MP: 4/4
   288 | D:1      | Gained mutation: You are partially covered in molten
                  | scales. (AC +2) [demonic ancestry]
   288 | D:1      | Reached XP level 2. HP: 20/20 MP: 3/6
   322 | D:1      | Learned a level 2 spell: Call Imp
  1031 | D:2      | Reached skill level 1 in Fighting
  1187 | D:2      | Reached XP level 3. HP: 26/26 MP: 2/7
  1192 | D:2      | Learned a level 3 spell: Mephitic Cloud
  1439 | D:2      | Found a faded altar of an unknown god.
  1462 | D:2      | Became a worshipper of Sif Muna the Loreminder
  1462 | D:2      | Reached * piety under Sif Muna
  2355 | D:2      | Found a runed door.
  2359 | D:2      | Noticed Crazy Yiuf
  2376 | D:2      | Killed Crazy Yiuf
  2376 | D:2      | Reached skill level 1 in Poison Magic
  2376 | D:2      | Reached XP level 4. HP: 22/32 MP: 2/9
  2528 | D:3      | Found a shattered altar of Ashenzari.
  2538 | D:3      | Reached skill level 1 in Air Magic
  2576 | D:3      | Found a glowing drain.
  2587 | Sewer    | Entered a sewer
  2786 | Sewer    | HP: 1/32 [river rat (6)]
  2791 | Sewer    | Slain by a river rat

Skill      XL: |  1  2  3  4 |
---------------+-------------+-----
Dodging        | 2 |  2.4
Fighting       | 1 |  1.3
Poison Magic   | 1 |  1.1
Air Magic      | 1 |  1.2
Conjurations   | 2 |  2.0
Stealth        | |  1.7
Spellcasting   | |  3.4
Summonings     | |  1.5
Translocations | |  0.8

Action                   |  1- 3 |  4- 6 || total
-------------------------+-------+-------++-------
Melee: Spear             |   131 |    64 ||   195
 Cast: Magic Dart        |   103 |    27 ||   130
       Mephitic Cloud    |     2 |       ||     2
  Use: Scroll            |       |     9 ||     9
 Stab: Sleeping          |     4 |       ||     4
       Confused          |     1 |       ||     1
  Eat: Chunk             |     4 |     2 ||     6
Armor: Robe              |    39 |    26 ||    65
Dodge: Dodged            |    69 |    64 ||   133
